 Dungeon Crawl Stone Soup version 0.28-a0-697-g47f3eba078 (webtiles) character file.

Game seed: 11074068256180008467

46 KoroneIsBestGirl the Chiller (level 3, 0/24 HPs)
             Began as a Barachi Ice Elementalist on Oct 23, 2021.
             Was a Follower of Okawaru.
             Slain by a worm (7 damage)
             ... on level 2 of the Dungeon.
             The game lasted 00:01:57 (1591 turns).

KoroneIsBestGirl the Chiller (BaIE)                 Turns: 1591, Time: 00:01:58

Health: 0/24       AC:  2    Str:  9    XL:     3   Next: 68%
Magic:  1/7        EV: 12    Int: 16    God:    Okawaru [*.....]
Gold:   34         SH:  0    Dex: 12    Spells: 6/7 levels left

rFire   + . .      SeeInvis .   f - staff of fire
rCold   . . .      Faith    .   (no shield)
rNeg    . . .      Spirit   .   a - +0 robe
rPois   .          Reflect  .   (no helmet)
rElec   .          Harm     .   (no cloak)
rCorr   .          Rampage  .   (no gloves)
Will    .....                   (no boots)
Stlth   ++........              (no amulet)
HPRegen 0.08/turn               (no ring)
MPRegen 0.10/turn               (no ring)

@: slow
A: amphibious, slowness 1, strong legs 1, +LOS
a: Hop, Renounce Religion, Heroism


You were on level 2 of the Dungeon.
You worshipped Okawaru.
Okawaru was aware of your devotion.
You visited 1 branch of the dungeon, and saw 2 of its levels.

You collected 34 gold pieces.

Inventory:

Hand Weapons
 b - a +0 club
 e - a +0 dagger
Armour
 a - a +0 robe (worn)
 i - a +0 plate armour
Magical Staves
 f - a staff of fire (weapon)
Scrolls
 d - a scroll of immolation {unknown}
 g - a scroll of vulnerability {unknown}
Potions
 c - 2 potions of lignification {unknown}
 h - a potion of berserk rage {unknown}
 j - 2 potions of haste {unknown}
 k - a potion of degeneration {unknown}


   Skills:
 + Level 3.0 Dodging
 - Level 1.7 Stealth
 + Level 2.9 Spellcasting
 + Level 5.4 Ice Magic


You had 6 spell levels left.
You knew the following spells:

 Your Spells              Type           Power      Damage    Failure   Level
a - Freeze                Ice            76%        1d9       1%          1

Your spell library contained the following spells:

 Spells                   Type           Power      Damage    Failure   Level
 Frozen Ramparts          Ice            38%        1d5       6%          3
 Ozocubu's Armour         Ice            19%        N/A       6%          3
 Hailstorm                Conj/Ice       10%        3d5       52%         4


Dungeon Overview and Level Annotations

Branches:
Dungeon (2/15)

Altars:
Okawaru

Shops:
D:2 (


Innate Abilities, Weirdness & Mutations

You are amphibious.
You cover ground slowly.
You can hop short distances.
You have an extended range of vision and can be seen from far away.


Message History

Nothing appears to happen.
The rat bites you.
You freeze the worm.
The worm is moderately wounded.
The worm misses you. The rat bites you.
You freeze the worm!
The worm is severely wounded.
The rat bites you but does no damage. The worm bites you!
You freeze the worm.
The worm is almost dead.
The rat misses you.
You freeze the worm.
The worm is almost dead.
The rat barely misses you. The worm bites you.
You are too injured to fight recklessly!
You are too injured to fight recklessly!
The rat bites you.
Your magical contamination has completely faded away.
The rat completely misses you.
Casting: Freeze (safe; 1% risk of failure)
Confirm with . or Enter, or press ? or * to list all spells.
Aiming: Freeze (safe; 1% risk of failure)
Press: ? - help, Shift-Dir - straight line, f - rat, p - worm
Aim: a rat You freeze the rat.
You kill the rat!
Okawaru accepts your kill.
There are no items here.
You hit the worm but do no damage.
The worm is severely wounded.
You hit the worm but do no damage.
The worm is severely wounded.
The worm barely misses you.
You hit the worm but do no damage.
The worm is severely wounded.
The worm bites you.
* * * LOW HITPOINT WARNING * * *
You hit the worm.
The worm is severely wounded.
The worm bites you!
You die...

####..#####.......# #.#.
#.....#...........# #.#.
#.).........#####.# #.#.
#....#......# #.# #.#.
#....#......# #.# #.##
#....#......#####.###... ..
+....##.....#........##
....##....##.....≈.)....#.#
...........w@...≈.≈.....# #
..........###..≈...≈...##
..........# #.≈..∩..≈#.##.#
..........# ##.≈...≈...##.#
..........# #..≈.≈....##.#
..........# #...≈...#.##.#
..........# ##.######.##.#
..######### #..#<.....#.# #
##########.#####..#.#


You could see a worm.

Vanquished Creatures
  An adder (D:2)
  A worm (D:2)
  2 dart slugs (D:1)
  3 ball pythons (D:2)
  4 endoplasms (D:1)
  A giant cockroach (D:1)
  5 goblins
  3 hobgoblins (D:1)
  2 quokkas (D:1)
  A bat (D:1)
  A frilled lizard (D:1)
  5 rats
29 creatures vanquished.

Notes
Turn   | Place    | Note
-------+----------+-------------------------------------------
     0 | D:1      | KoroneIsBestGirl the Barachi Ice Elementalist began the
                  | quest for the Orb.
     0 | D:1      | Reached XP level 1. HP: 13/13 MP: 3/3
   326 | D:1      | Reached skill level 5 in Ice Magic
   358 | D:1      | Reached XP level 2. HP: 19/19 MP: 1/5
   697 | D:1      | Found a faded altar of an unknown god.
   782 | D:1      | Prayed at the altar of an unknown god.
   782 | D:1      | Became a worshipper of Warmaster Okawaru
   782 | D:1      | Reached * piety under Okawaru
  1007 | D:1      | Reached XP level 3. HP: 23/24 MP: 4/7
  1154 | D:2      | Found Jiaxa's Antique Weapon Shop.
  1591 | D:2      | Slain by a worm

Illustrated notes

Levels and vault maps discovered:
D:1:      lightli_arrival_windingriver, layout_loops_cross,
          basic_ecumenical_altar
D:2:      layout_basic, serial_shops, nicolae_diamond_shop

Skill      XL: |  1  2  3 |
---------------+----------+-----
Ice Magic      | 5 |  5.4
Dodging        | 3 |  3.0
Stealth        | |  1.7
Spellcasting   | |  2.9

Action                   || total
-------------------------++-------
Melee: Club              ||     4
       Unarmed           ||     1
       Staff             ||     5
 Cast: Freeze            ||    47
Armor: Robe              ||     5
Dodge: Dodged            ||    22

Table legend: (Time is in decaauts)
 A = Elapsed time spent in this place.
 B = Non-inter-level travel time spent in this place.
 C = Inter-level travel time spent in this place.
 D = Time resting spent in this place.
 E = Time spent auto-exploring this place.
 F = Levels seen in this place.
 G = Mean time per level.
                   A        B        C        D        E       F      G
               +--------+--------+--------+--------+--------+-----+--------+
         Total |   1745 |   1700 |     45 |      0 |   1498 |   2 |  872.5 |
       Dungeon |   1745 |   1700 |     45 |      0 |   1498 |   2 |  872.5 |
               +--------+--------+--------+--------+--------+-----+--------+

Top non-repeatable levels by time:
     D:1: 1219 daAuts
     D:2: 525 daAuts
